 Dungeon Crawl Stone Soup version 0.17-a0-1575-g9a29ec8 (webtiles) character file.

2714213 Zooty the Slayer (level 27, 229/246 HPs)
             Began as a Mummy Abyssal Knight on July 25, 2015.
             Was the Champion of Lugonu.
             Escaped with the Orb
             ... and 6 runes on July 26, 2015!
             The game lasted 06:45:24 (140782 turns).

Zooty the Slayer (Mummy Abyssal Knight)           Turns: 140782, Time: 06:45:24

Health: 229/246    AC: 36    Str: 26    XL:     27
Magic:  35/37      EV: 36    Int: 15    God:    Lugonu [******]
Gold:   10106      SH:  8    Dex: 17    Spells: 4 memorised, 18 levels left

rFire  + . .     SeeInvis +     a - +10 demon blade "Woabiph" {elec, rN+}
rCold  + . .     Clarity  +     h - +5 fire dragon armour
rNeg   + + +     SustAt   .     B - +3 buckler "Jyrhiam" {+Inv}
rPois  ∞         Gourm    .     Q - +1 helmet of Objectivity {*Confuse MR+ Str+4 SInv}
rElec  .         Spirit   .     K - +2 cloak
rCorr  .         Warding  .     p - +2 pair of gloves
rMut   .         Stasis   .     C - +2 pair of boots
MR     +++++                    Y - amulet of the Four Winds {Clar rN+ MR+++}
Stlth  ..........               R - ring of Doubts {*Corrode rC+ MP+9 EV+3 Str+3}
                                m - ring of Shaolin {EV+8}

@: very slightly contaminated, hasted, repel missiles, very quick, almost
entirely resistant to hostile enchantments, extremely unstealthy
A: no food or potions, fire vulnerability, cold resistance 1, negative energy
resistance 3, torment resistance, unbreathing, in touch with death 2, restore
body
a: Self-Restoration, Depart the Abyss, Bend Space, Banish, Corrupt, Enter the
Abyss, Renounce Religion, Evoke Invisibility
0: Orb of Zot
}: 6/15 runes: barnacled, slimy, silver, golden, abyssal, gossamer


You escaped.
You worshipped Lugonu.
Lugonu was exalted by your worship.
You were not hungry.

You visited 12 branches of the dungeon, and saw 65 of its levels.
You visited the Abyss 4 times.
You also visited: Labyrinth, Trove, Ice Cave and Volcano.

You collected 11803 gold pieces.
You spent 1331 gold pieces at shops.

Inventory:

Hand weapons
 a - the +10 demon blade "Woabiph" (weapon) {elec, rN+}
   (You found it in a treasure trove)

   Occasionally, upon striking a foe, it will discharge some electrical energy
   and cause terrible harm.
   It protects you from negative energy.
 b - a +3 blowgun of evasion
 c - a +9 double sword of distortion
Missiles
 l - 18 curare-tipped needles
 r - 12 throwing nets (quivered)
 N - 38 javelins
Armour
 h - a +5 fire dragon armour (worn)
 p - a +2 pair of gloves (worn)
 q - a +0 buckler of protection
 B - the +3 buckler "Jyrhiam" (worn) {+Inv}
   (You bought it in a shop on level 4 of the Orcish Mines)

   It lets you turn invisible.
 C - a +2 pair of boots (worn)
 K - a +2 cloak (worn)
 Q - the +1 helmet of Objectivity (worn) {*Confuse MR+ Str+4 SInv}
   (You found it on level 3 of the Elven Halls)

   It affects your strength (+4).
   It affects your resistance to hostile enchantments.
   It lets you see invisible.
   It may confuse you when you take damage.
Rods
 d - a +2 lightning rod (12/12)
   (You found it on level 8 of the Dungeon)
 e - a +9 lightning rod (12/12)
   (You found it on level 3 of the Crypt)
 f - a +3 rod of the swarm (11/11)
   (You found it in a labyrinth)
Jewellery
 j - an uncursed ring of teleportation
 m - the ring of Shaolin (left hand) {EV+8}
   (You found it on level 5 of the Vaults)

   [ring of evasion]

   It affects your evasion (+8).
 E - the ring of Balance {Fire Str+5 Stlth-}
   (You found it on level 3 of the Tomb of the Ancients)

   [ring of fire]

   It enhances your fire magic, and weakens your ice magic.
   It affects your strength (+5).
   It protects you from fire.
   It makes you vulnerable to cold.
   It makes you less stealthy.
 F - an uncursed ring of wizardry
 H - the ring of Untruth {rElec rN+ Dex+5}
   (You found it on level 6 of the Pits of Slime)

   [ring of positive energy]

   It affects your dexterity (+5).
   It insulates you from electricity.
   It protects you from negative energy.
 P - a +4 ring of evasion
 R - the ring of Doubts (right hand) {*Corrode rC+ MP+9 EV+3 Str+3}
   (You took it off a yaktaur captain on level 5 of the Vaults)

   [ring of evasion]

   It affects your evasion (+3).
   It affects your strength (+3).
   It protects you from cold.
   It affects your magic capacity (+9).
   It may corrode your equipment when you take damage.
 W - an uncursed amulet of resist corrosion
 Y - the amulet of the Four Winds (around neck) {Clar rN+ MR+++}
   (You found it on level 3 of the Elven Halls)

   [amulet of clarity]

   It provides mental clarity.
   It protects you from negative energy.
   It affects your resistance to hostile enchantments.
Magical devices
 n - a wand of digging (1)
 y - a wand of paralysis (12)
 D - a wand of fireball (7)
 I - a wand of disintegration (12)
 M - a wand of draining (5)
 O - a wand of teleportation (3)
 T - a wand of disintegration (3)
 U - a wand of draining (3)
 V - a wand of fire (9)
 X - a wand of draining (11)
Scrolls
 g - 6 scrolls of blinking
 i - 3 scrolls of fog
 k - 37 scrolls of remove curse
 o - 2 scrolls of silence
 t - 4 scrolls of fear
 x - 20 scrolls of identify
 z - 10 scrolls of recharging
 G - 6 scrolls of vulnerability
 L - 2 scrolls of teleportation
Miscellaneous
 s - a box of beasts {used: 1}
 u - a fan of gales
 v - 3 phantom mirrors
 A - a phial of floods
 J - an ornate deck of changes {the Elixir, drawn: 4}
 S - a legendary deck of escape {Swap, drawn: 1}
 Z - a lamp of fire


   Skills:
 + Level 26.3 Fighting
 - Level 16.0 Long Blades
 - Level 22.0 Armour
 + Level 20.3 Dodging
 - Level 4.0 Shields
 - Level 4.0 Spellcasting
 - Level 7.1 Hexes
 - Level 16.0 Charms
 - Level 12.0 Summonings
 - Level 6.0 Air Magic
 - Level 10.5 Invocations
 - Level 9.0 Evocations


You had 18 spell levels left.
You knew the following spells:

 Your Spells              Type           Power        Failure   Level  Hunger
a - Repel Missiles        Chrm/Air       #####.       1%          2    N/A
b - Spectral Weapon       Hex/Chrm       #####...     1%          3    N/A
c - Haste                 Chrm           ######..     8%          6    N/A
d - Shadow Creatures      Summ           N/A          8%          5    N/A

Dungeon Overview and Level Annotations

Branches:
Dungeon (15/15)            Temple (0/1) D:4            Lair (8/8) D:9
 Shoals (4/4) Lair:5       Spider (4/4) Lair:3        Slime (6/6) Lair:6
    Orc (4/4) D:10            Elf (3/3) Orc:3        Vaults (5/5) D:13
  Crypt (3/3) Vaults:2       Tomb (3/3) Crypt:3      Depths (5/5) D:15
    Zot (5/5) Depths:5

Altars:
Cheibriados
Elyvilon
Fedhas
Kikubaaqudgha
Makhleb
Okawaru
Qazlal
Sif Muna
Trog
Xom
Yredelemnul
Zin
The Shining One
Beogh
Jiyva
Lugonu

Shops:
Orc:2 !   Orc:4 *[*((   Elf:3 (

Portals:
Hell: Depths:1 Depths:2 Depths:3 Depths:4 Depths:5
Abyss: Depths:3 Depths:5
Pandemonium: Depths:2 Depths:3
Ziggurat: Depths:4

Annotations:
D:10 corrupted
Shoals:1 exclusion: Roxanne, Roxanne
Shoals:4 Mara
Spider:4 corrupted
Slime:6 corrupted, Royal Jelly
Elf:3 corrupted
Vaults:1 corrupted, Nikola
Tomb:2 corrupted, Mennas
Tomb:3 corrupted
Depths:5 corrupted
Zot:1 corrupted
Abyss:1 Boris, Grinder, Louise, Polyphemus, Sigmund


Innate Abilities, Weirdness & Mutations

You do not eat or drink.
Your flesh is vulnerable to fire.
You are immune to poison.
Your flesh is cold resistant.
You are immune to negative energy.
You are immune to unholy pain and torment.
You can survive without breathing.
You are strongly in touch with the powers of death.
You can restore your body by infusing magical energy.


Message History

Sunohiev casts a spell at you. The bolt of cold hits you! You resist.
The killer bee completely misses you.
Evoke which item? (* to show all) (? for menu, Esc to quit)
Zapping:
n - a wand of digging (2)
Press: ? - help, Shift-Dir - straight line The rock shatters into small pieces.
This wand has 1 charge left.
You block the killer bee's attack.
You block the vampire mosquito's attack.
The killer bee completely misses you.
Unknown command.
Sunohiev gestures wildly while chanting.
There is a staircase leading out of the dungeon here.
Use which ability? (? or * to list)
You infuse your body with magical energy.
You feel your strength returning.
The vampire mosquito completely misses you. x2
The killer bee completely misses you.
You block the vampire mosquito's attack.
You have escaped!

....#..##.#####
.#.....##.#
.##.#.###.# ##
......###.# #.#
###.......# #.#
######### #.# ##.#
##.## ######
#######y@.##
#....####....#.y...#
....s4.&......#....#
s...y2##..##..##..##
..##..##..##..##..#
..##..##..##..##..#
..##..##..##..##..#
..##......##......#
.####....####....##


You could see a vampire mosquito and a killer bee.

Vanquished Creatures
  Dissolution (Slime:2)
  Khufu (Tomb:2)
  2 orbs of fire (Zot:5)
  5 ancient liches
  2 pandemonium lords
  Sojobo (Crypt:2)
  23 greater mummies
  Saint Roka (Vaults:4)
  A curse toe (Zot:4)
  6 Killer Klowns
  11 golden dragons
  Jory (Crypt:1)
  Arachne (Spider:2)
  2 bone dragons
  6 electric golems
  Jorgrun (Crypt:3)
  19 tentacled monstrosities
  7 liches
  27 Orb Guardians
  A quicksilver dragon (Vaults:5)
  Asterion (Depths:1)
  6 titans
  24 acid blobs
  6 sphinxes
  4 tentacled starspawn (Abyss:4)
  3 Executioners
  Frances (Elf:1)
  8 shadow dragons
  22 storm dragons
  2 ancient champions (Crypt:2)
  3 revenants
  13 azure jellies
  4 draconian monks
  5 tengu reavers
  Ilsuiw (Shoals:3)
  7 fire giants
  A deep elf sorcerer (Vaults:5)
  An azure jelly (shapeshifter) (Vaults:4)
  Donald (Orc:3)
  12 frost giants
  Maud (Lair:8)
  10 draconian knights
  9 ghost moths
  2 iron dragons (Depths:5)
  7 draconian scorchers
  5 draconian zealots
  7 ghouls
  A balrug (Depths:2)
  4 draconian shifters
  16 vault wardens
  6 emperor scorpions (Spider:4)
  8 war gargoyles
  7 spriggan defenders
  20 very ugly things
  10 draconian annihilators
  27 stone giants
  14 ironheart preservers
  10 vampire knights
  4 draconian callers
  A deep elf demonologist (Vaults:3)
  18 black draconians
  10 green draconians
  18 mottled draconians
  5 bennus (Tomb:2)
  17 yellow draconians
  16 purple draconians
  4 eidola
  3 deep elf annihilators
  A salamander stormcaller (Vaults:5)
  16 red draconians
  18 white draconians
  38 vault guards
  4 crystal guardians
  2 merfolk javelineers (Shoals:4)
  17 ettins
  7 deep elf death magi
  2 blizzard demons
  2 green deaths
  4 death oozes (Slime:6)
  16 mummy priests
  12 death cobs
  25 yaktaur captains
  A quicksilver dragon zombie (Tomb:3)
  6 merfolk impalers
  A minotaur (Lab)
  20 fire dragons
  3 deep elf high priests
  12 jiangshi
  2 entropy weavers
  Harold (Orc:2)
  4 rakshasas
  2 merfolk avatars
  A quicksilver dragon skeleton (Tomb:3)
  24 ice dragons
  16 centaur warriors
  15 great orbs of eyes
  9 hydras
  A death knight (Crypt:2)
  An alligator snapping turtle (Shoals:4)
  9 death yaks
  A queen ant (shapeshifter) (Depths:5)
  6 spriggan air magi
  18 ogre magi
  11 merfolk aquamancers
  21 dancing weapons
  3 tengu warriors
  2 satyrs
  13 deep troll shamans
  3 vampire magi
  A hell hog (Depths:3)
  2 titan zombies
  12 deep troll earth magi
  3 orc high priests (Orc:4)
  10 thrashing horrors
  A storm dragon zombie (Tomb:1)
  35 hell knights
  3 spriggan berserkers
  19 deep elf knights
  Sonja (Orc:3)
  A sun demon (Depths:3)
  A titan skeleton (Crypt:3)
  2 wretched stars
  2 shadow wraiths
  12 small abominations
  3 soul eaters
  3 wizards
  A storm dragon skeleton (Depths:3)
  53 death scarabs
  2 golden dragon zombies
  9 flayed ghosts
  A fire crab (Vaults:4)
  40 skeletal warriors
  3 iron trolls
  8 unseen horrors
  A sea snake (shapeshifter) (Depths:3)
  57 deep trolls
  7 sea snakes
  5 giant orange brains
  3 ice statues (IceCv)
  3 deep elf summoners
  9 harpies
  A harpy (shapeshifter) (D:14)
  2 anaconda skeletons
  7 hill giants
  A shadow dragon zombie (Crypt:3)
  70 ugly things
  13 orc knights
  A golden dragon skeleton (Crypt:3)
  11 anubis guards
  An orb spider (shapeshifter) (Depths:3)
  A lindwurm (Lair:7)
  3 phantasmal warriors
  10 orb spiders
  A mana viper (shapeshifter) (Abyss:2)
  17 necromancers
  2 wolf spider zombies
  16 wolf spiders
  10 shining eyes
  12 deep elf conjurers
  A griffon (shapeshifter) (Vaults:3)
  17 ironbrand convokers
  A fire giant zombie (Depths:3)
  A worldbinder (Abyss:4)
  8 fauns
  A frost giant zombie (Depths:3)
  10 griffons
  6 manticores
  6 orc sorcerers
  4 water nymphs
  2 stone giant zombies
  6 cyclopes
  3 black mambas
  35 moths of wrath
  2 stone giant skeletons (Crypt:3)
  10 hornets
  An iron dragon skeleton (Crypt:3)
  20 vault sentinels
  2 eyes of devastation
  Maurice (Orc:3)
  2 elephants
  3 sixfirhies
  3 centaur zombies
  2 rust devils
  2 shock serpent zombies
  7 sirens
  A torpor snail (Spider:4)
  A torpor snail (shapeshifter) (Depths:1)
  14 spiny frogs
  An eye of devastation (shapeshifter) (Vaults:5)
  A shock serpent skeleton (Crypt:3)
  A guardian serpent (shapeshifter) (Depths:2)
  3 orange demons
  3 fire drakes
  A tormentor (Abyss:1)
  2 smoke demons (Abyss:4)
  A molten gargoyle (Volcano)
  A catoblepas zombie (Crypt:3)
  A pale draconian zombie (Crypt:1)
  A grey draconian zombie (Crypt:1)
  A spriggan skeleton (Depths:3)
  90 yaktaurs
  A gargoyle (D:15)
  A hellion (Depths:5)
  6 komodo dragons
  A red draconian zombie (Crypt:1)
  7 demonic crawlers
  2 efreet
  5 blue devils
  A spriggan zombie (D:15)
  7 large abominations
  35 guardian mummies
  A yellow draconian skeleton (Crypt:2)
  9 polar bears
  15 deep elf priests
  2 tengu conjurers
  15 jumping spiders
  15 merfolk
  2 hellwings
  13 trolls
  7 freezing wraiths
  2 ancient zymes
  A wind drake (Shoals:1)
  133 slime creatures
  14 ushabtiu
  5 boulder beetles
  11 raiju
  25 two-headed ogres
  A deep troll zombie (D:15)
  13 snapping turtles
  49 flying skulls
  18 blink frogs
  3 fire dragon zombies
  3 spriggans
  16 trapdoor spiders
  An alligator zombie (Crypt:3)
  A spriggan (shapeshifter) (Depths:4)
  20 deep elf magi
  2 vampires
  5 wraiths
  44 yaks
  2 redbacks (shapeshifter)
  45 redbacks
  A hungry ghost (D:11)
  An ettin skeleton (Depths:2)
  2 ice dragon skeletons
  6 air elementals
  9 tarantellas
  2 ynoxinuls
  26 deep elf fighters
  3 shadows
  An alligator skeleton (Crypt:3)
  11 water elementals
  3 human simulacra
  2 fire bats (Volcano)
  A steam dragon (D:12)
  6 golden eyes
  7 vampire mosquitoes
  Grum (Lair:1)
  2 chaos spawn (Abyss:2)
  19 hippogriffs
  A wind drake skeleton (Crypt:2)
  A wyvern (D:13)
  5 basilisks
  A merfolk zombie (Crypt:1)
  A fire bat (shapeshifter) (Zot:1)
  A human zombie (Depths:3)
  13 wargs
  23 wolves
  A torturous demonspawn zombie (Crypt:2)
  A monstrous demonspawn zombie (Crypt:2)
  3 neqoxecs (Abyss:2)
  35 orc warriors
  12 eyes of draining
  A tengu zombie (D:15)
  A merfolk skeleton (Crypt:1)
  3 hell hounds
  A swamp drake (shapeshifter) (Depths:5)
  10 porcupines
  2 swamp dragon zombies
  31 water moccasins
  15 black bears
  A manticore zombie (Tomb:1)
  4 necrophages
  6 sky beasts
  4 wasps
  24 spiders
  4 phantoms
  A black bear (shapeshifter) (D:15)
  7 starcursed masses
  28 centaurs
  8 boggarts
  60 ogres
  2 ice beasts
  A lindwurm skeleton (Crypt:1)
  An anubis guard skeleton (Crypt:1)
  A swamp dragon skeleton (Tomb:3)
  A manticore skeleton (Tomb:1)
  27 crocodiles
  25 giant frogs
  3 big kobolds
  A brain worm (D:15)
  A big kobold (shapeshifter) (Depths:2)
  A gnoll sergeant (D:9)
  2 wyvern zombies
  A glowing shapeshifter simulacrum (Vaults:2)
  7 scorpions
  21 killer bees
  An electric eel (Lair:4)
  24 wights
  A snapping turtle simulacrum (Tomb:3)
  4 lava snakes (Lair:7)
  4 quasits
  4 giant frog zombies
  6 centaur skeletons
  11 crimson imps
  3 iron imps
  A draconian simulacrum (IceCv)
  22 hounds
  29 jellies
  Crazy Yiuf (D:6)
  34 orc priests
  35 orc wizards
  11 worker ants
  A giant frog skeleton (D:11)
  15 iguanas
  Natasha (thrice) (D:4)
  A troll simulacrum (IceCv)
  3 spriggan simulacra
  33 sheep
  An ogre zombie (Crypt:1)
  3 centaur simulacra (IceCv)
  A demigod skeleton (Crypt:2)
  A naga skeleton (Crypt:2)
  A hound zombie (D:10)
  44 mummies
  2 worker ant zombies
  12 adders
  84 river rats
  8 gnolls
  2 naga simulacra (IceCv)
  An ogre simulacrum (IceCv)
  5 shadow imps
  14 white imps
  An ufetubus (Abyss:2)
  An ooze (D:2)
  An adder skeleton (D:8)
  7 worms
  247 orcs
  4 ball pythons
  24 bats
  A bat skeleton (D:8)
  7 giant cockroaches
  17 goblins
  10 hobgoblins
  25 jackals
  9 quokkas
  A ball python zombie (Crypt:2)
  7 giant geckos
  3 giant newts
  2 jackal skeletons
  A jackal zombie (Crypt:2)
  23 kobolds
  14 rats
  A rat skeleton (Crypt:1)
  A butterfly (Lair:3)
  2 crawling corpses (Vaults:4)
  A fungus (Lair:7)
  A lurking horror (Abyss:4)
  3 plants
  2 starspawn tentacles (Abyss:4)
3553 creatures vanquished.

Vanquished Creatures (collateral kills)
  2 acid blobs (Slime:6)
  A fire giant (Vaults:4)
  2 ironheart preservers (Vaults:2)
  A vault guard (Vaults:2)
  A merfolk javelineer (Shoals:4)
  A hydra (D:14)
  A merfolk aquamancer (Shoals:4)
  A thrashing horror (Abyss:4)
  A sun demon (Depths:2)
  An orc knight (Vaults:2)
  4 unseen horrors (Abyss:4)
  A manticore (D:14)
  3 ugly things
  A siren (Shoals:1)
  4 yaktaurs (Vaults:2)
  A demonic crawler (Spider:4)
  A wind drake (Shoals:1)
  A large abomination (Abyss:4)
  An air elemental (Depths:2)
  A two-headed ogre (Vaults:4)
  4 redbacks (Spider:1)
  A tarantella (Spider:1)
  A warg (Orc:2)
  2 ogres
  2 orcs (Orc:3)
  2 tentacles (Shoals:4)
42 creatures vanquished.

Vanquished Creatures (others)
  4 greater mummies (Tomb:2)
  the Enchantress (Depths:5)
  A lich (Depths:5)
  An electric golem (Zot:5)
  2 deep elf blademasters (Elf:3)
  2 deep elf master archers (Elf:3)
  3 acid blobs (Slime:6)
  An eldritch tentacle (Elf:3)
  A kraken (Shoals:4)
  An octopode crusher (Depths:5)
  An ancient champion (Tomb:2)
  2 storm dragons
  2 tengu reavers
  3 azure jellies (Slime:6)
  2 fire giants
  2 draconian knights
  5 deep elf sorcerers (Elf:3)
  3 ghost moths (Spider:4)
  6 ironheart preservers
  A ghoul (Vaults:2)
  5 vault wardens
  A spriggan defender (Depths:5)
  5 deep elf demonologists (Elf:3)
  2 salamander stormcallers
  6 deep elf annihilators (Elf:3)
  3 bennus
  2 vault guards
  An ettin (Vaults:5)
  4 death oozes (Slime:6)
  2 deep elf high priests (Elf:3)
  3 mummy priests (Tomb:2)
  A fire dragon (Lair:2)
  2 yaktaur captains
  6 deep elf death magi
  2 ogre magi
  3 great orbs of eyes
  A death cob (Zot:1)
  A spriggan air mage (Depths:5)
  A jiangshi (Vaults:2)
  An ice dragon (Zot:1)
  A tengu warrior (Depths:5)
  An orc high priest (Orc:4)
  2 deep elf knights
  An ice devil (IceCv)
  A storm dragon zombie (Tomb:2)
  A skeletal warrior (Vaults:2)
  9 death scarabs
  2 deep trolls
  2 unseen horrors (Vaults:1)
  2 anubis guards (Tomb:2)
  The ghost of urechis the Basher, an experienced GrFi of Makhleb (D:7)
  A sea snake (Shoals:2)
  2 giant orange brains (Depths:5)
  2 harpies
  2 ironbrand convokers (Vaults:4)
  3 lindwurms (Lair:7)
  An orb spider (Spider:4)
  5 orc knights
  A shining eye (Slime:6)
  3 orc sorcerers
  5 wolf spiders (Spider:4)
  A frost giant zombie (Tomb:2)
  6 ugly things
  2 deep elf conjurers
  A stone giant zombie (Tomb:2)
  4 fauns
  2 sirens
  4 moths of wrath
  A vault sentinel (Vaults:2)
  A dire elephant zombie (Tomb:2)
  A merfolk (Vaults:2)
  3 molten gargoyles
  A spiny frog (Lair:3)
  5 yaktaurs
  4 guardian mummies
  2 demonic crawlers
  2 komodo dragons
  A deep elf priest (Elf:3)
  A troll (Orc:2)
  2 blue devils (IceCv)
  8 two-headed ogres
  A freezing wraith (Vaults:3)
  A boulder beetle (Vaults:3)
  8 jumping spiders
  2 blink frogs (D:9)
  A wind drake (Shoals:3)
  A raiju (Lair:8)
  A snapping turtle (Shoals:1)
  5 ushabtiu
  5 trapdoor spiders
  2 spriggans (shapeshifter) (Vaults:1)
  11 slime creatures
  A fire dragon skeleton (Tomb:1)
  6 redbacks
  A human (shapeshifter) (Vaults:3)
  10 flying skulls
  2 spriggans (Depths:5)
  15 tarantellas
  3 deep elf magi
  5 golden eyes (Slime:6)
  5 deep elf fighters
  A vampire mosquito (Vaults:1)
  A porcupine (Lair:1)
  A wasp (Depths:5)
  A spider (Spider:1)
  4 ogres
  5 orc warriors
  A centaur (D:6)
  2 big kobolds (Depths:4)
  A giant frog (Lair:3)
  2 crocodiles
  A killer bee (D:8)
  A lava snake (Lair:7)
  An orc wizard (D:10)
  12 mummies (Tomb:2)
  10 orcs
  A bush (Lair:7)
  51 eldritch tentacle segments (Elf:3)
  51 fungi
  5 lost souls
  A lurking horror (Abyss:4)
  42 plants
  146 spectral weapons
  78 starspawn tentacles
  887 starspawn tentacle segments
  3 tentacles (Shoals:4)
  137 tentacle segments (Shoals:4)
1728 creatures vanquished.

Grand Total: 5323 creatures vanquished

Notes
Turn   | Place    | Note
--------------------------------------------------------------
     0 | Abyss:1  | Zooty the Mummy Abyssal Knight began the quest for the Orb.
     0 | Abyss:1  | Reached XP level 1. HP: 18/18 MP: 2/2
     4 | D:1      | Escaped the Abyss
   355 | D:1      | Reached XP level 2. HP: 2/24 MP: 3/3
   373 | D:1      | HP: 1/24 [rat (2)]
  1018 | D:1      | Acquired Lugonu's second power
  1202 | D:1      | Reached XP level 3. HP: 26/29 MP: 4/4
  1716 | D:2      | Reached XP level 4. HP: 35/35 MP: 5/5
  1753 | D:2      | Found a glowing golden altar of the Shining One.
  2718 | D:3      | Acquired Lugonu's third power
  2726 | D:3      | Noticed Sigmund
  2763 | D:4      | Found a shimmering altar of Xom.
  2908 | D:4      | Noticed Natasha
  2913 | D:4      | Killed Natasha
  2913 | D:4      | Reached XP level 5. HP: 26/41 MP: 5/7
  3239 | D:4      | Reached skill level 4 in Invocations
  3416 | D:4      | Reached XP level 6. HP: 43/47 MP: 9/9
  3484 | D:4      | Found a staircase to the Ecumenical Temple.
  3625 | D:4      | Noticed a phantom
  4021 | D:4      | Killed a phantom
  4363 | D:4      | Acquired Lugonu's fourth power
  4382 | D:4      | Noticed Natasha
  4389 | D:4      | Killed Natasha
  4605 | D:4      | Noticed Natasha
  4623 | D:5      | Entered Level 5 of the Dungeon
  4772 | D:4      | Killed Natasha
  4860 | D:5      | Reached skill level 5 in Invocations
  4860 | D:5      | Reached XP level 7. HP: 34/52 MP: 10/10
  4864 | D:5      | Found a snail-covered altar of Cheibriados.
  5154 | D:3      | Found a bloodstained altar of Trog.
  5299 | D:3      | Banished Sigmund
  5299 | D:3      | Reached skill level 5 in Long Blades
  5444 | D:3      | Found a shimmering altar of Xom.
  5447 | D:3      | Paralysed by a crimson imp for 2 turns
  5701 | D:3      | Found a faded altar to an unknown god.
  6221 | D:5      | Reached skill level 6 in Invocations
  6252 | D:5      | Reached XP level 8. HP: 41/58 MP: 12/12
  6492 | D:5      | Noticed Grinder
  6492 | D:5      | Paralysed by Grinder for 7 turns
  6499 | D:5      | Banished Grinder
  6610 | D:5      | You fall through a shaft!
  7047 | D:5      | Found a burning altar of Makhleb.
  7050 | D:5      | Noticed a cacodemon
  7052 | D:5      | Found a glowing silver altar of Zin.
  7053 | D:5      | Noticed an angel
  7227 | D:5      | Reached skill level 7 in Long Blades
  8174 | D:6      | Acquired Lugonu's fifth power
  8174 | D:6      | Reached skill level 8 in Long Blades
  8357 | D:6      | Reached XP level 9. HP: 48/63 MP: 13/13
  8772 | D:6      | Reached skill level 1 in Dodging
  9685 | D:6      | Noticed Crazy Yiuf
  9941 | D:6      | Killed Crazy Yiuf
 10379 | D:7      | Noticed urechis's ghost (experienced GrFi)
 10380 | D:7      | Banished urechis's ghost
 10433 | D:7      | Found a stormy altar of Qazlal.
 11009 | D:8      | Reached skill level 5 in Fighting
 11692 | D:8      | Reached XP level 10. HP: 74/76 MP: 14/14
 11900 | D:8      | Found a white marble altar of Elyvilon.
 11900 | D:8      | Found a deep blue altar of Sif Muna.
 12690 | D:9      | Reached skill level 1 in Evocations
 12695 | D:9      | Reached skill level 9 in Long Blades
 12779 | D:9      | Found a staircase to the Lair.
 12779 | D:9      | Noticed an elephant
 13200 | D:9      | Killed an elephant
 13585 | D:9      | Found a blossoming altar of Fedhas.
 13817 | D:9      | Killed an unseen horror
 14189 | Lair:1   | Entered Level 1 of the Lair of Beasts
 14207 | D:9      | Reached skill level 10 in Long Blades
 14484 | D:9      | HP: 3/76 [blink frog (13)]
 14837 | D:9      | Reached XP level 11. HP: 54/81 MP: 15/15
 14862 | D:9      | Reached skill level 5 in Evocations
 15151 | D:10     | Entered Level 10 of the Dungeon
 15198 | D:10     | Found a snail-covered altar of Cheibriados.
 15245 | D:10     | Noticed a hill giant
 15261 | D:10     | Killed a hill giant
 15373 | D:10     | Found a staircase to the Orcish Mines.
 15460 | D:10     | Noticed a hill giant
 15469 | D:10     | Killed a hill giant
 16959 | Lair:1   | Reached skill level 11 in Long Blades
 16994 | Lair:1   | Noticed a seven-headed hydra
 16999 | Lair:1   | Killed a seven-headed hydra
 17319 | Lair:1   | Noticed Grum
 17332 | Lair:1   | Killed Grum
 17959 | Lair:1   | Noticed a four-headed hydra
 17970 | Lair:1   | Killed a four-headed hydra
 18302 | Lair:2   | Reached XP level 12. HP: 55/88 MP: 17/17
 18388 | Lair:2   | Found a frozen archway.
 18559 | IceCv    | Entered an ice cave
 21203 | IceCv    | Reached skill level 12 in Long Blades
 22237 | Lair:2   | Noticed a fire dragon
 22238 | Lair:2   | Banished a fire dragon
 22726 | Lair:3   | Noticed a four-headed hydra
 22732 | Lair:3   | Killed a four-headed hydra
 22881 | Lair:3   | Found a hole to the Spider Nest.
 24545 | Lair:4   | Reached skill level 10 in Invocations
 25738 | Lair:4   | Noticed a seven-headed hydra
 25746 | Lair:4   | Killed a seven-headed hydra
 25746 | Lair:4   | Gained mutation: You are in touch with the powers of death. [Mummy growth]
 25746 | Lair:4   | Gained mutation: You can restore your body by infusing magical energy. [Mummy growth]
 25746 | Lair:4   | Reached XP level 13. HP: 93/93 MP: 20/20
 26346 | Lair:5   | Reached skill level 13 in Long Blades
 27523 | Lair:5   | Found a staircase to the Shoals.
 28606 | Lair:5   | Reached skill level 14 in Long Blades
 29050 | Lair:6   | Found a staircase to the Slime Pits.
 29051 | Lair:6   | Found a viscous altar of Jiyva.
 30924 | Lair:7   | Reached skill level 5 in Armour
 30982 | Lair:7   | Reached skill level 5 in Dodging
 32088 | Lair:7   | Got a shimmering mottled dragon armour
 32119 | Lair:7   | Identified the +0 mottled dragon armour of the Bull {rElec rF+ Str-2 Int+2} (You found it on level 7 of the Lair of Beasts)
 32479 | Lair:7   | Reached XP level 14. HP: 102/104 MP: 21/21
 33879 | Lair:8   | Entered Level 8 of the Lair of Beasts
 35024 | Lair:8   | Noticed Maud
 35060 | Lair:8   | Killed Maud
 37227 | D:9      | Escaped the Abyss
 37298 | Orc:1    | Entered Level 1 of the Orcish Mines
 37442 | Orc:2    | Found Fabixiro's Distillery.
 37442 | Orc:2    | Noticed Harold
 37446 | Orc:2    | Killed Harold
 38562 | Orc:2    | Found a roughly hewn altar of Beogh.
 39121 | Orc:1    | Found an iron altar of Okawaru.
 39233 | Orc:3    | Noticed Donald
 39239 | Orc:3    | Killed Donald
 39248 | Orc:3    | Noticed Sonja
 39248 | Orc:3    | Noticed Maurice
 39301 | Orc:3    | Killed Maurice
 39451 | Orc:3    | Found a bloodstained altar of Trog.
 39605 | Orc:3    | Found a staircase to the Elven Halls.
 40001 | Orc:3    | Killed Sonja
 40441 | Orc:4    | Entered Level 4 of the Orcish Mines
 40487 | Orc:4    | Found a dark tunnel.
 40549 | Volcano  | Entered a volcano
 40965 | Volcano  | Found a bloodstained altar of Trog.
 41697 | Orc:4    | Found Gimusal's Assorted Antiques.
 41726 | Orc:4    | Bought a scroll of fear for 80 gold pieces
 41752 | Orc:4    | Reached skill level 1 in Shields
 42348 | Orc:4    | Reached XP level 15. HP: 115/115 MP: 22/22
 43505 | Orc:4    | Found a roughly hewn altar of Beogh.
 43599 | Orc:4    | Found Ecak's Weapon Shoppe.
 43712 | Orc:4    | Found Byih's Weapon Shop.
 43718 | Orc:4    | Found Wigh's General Store.
 43720 | Orc:4    | Found Qoidghas's Antique Armour Shoppe.
 43726 | Orc:4    | Bought a scroll of fog for 22 gold pieces
 43728 | Orc:4    | Bought a shimmering buckler for 285 gold pieces
 43730 | Orc:4    | Bought a scroll of recharging for 104 gold pieces
 43741 | Orc:4    | Identified the +3 buckler "Jyrhiam" {+Inv} (You bought it in a shop on level 4 of the Orcish Mines)
 43743 | Orc:4    | Bought a transparent plate armour for 840 gold pieces
 43753 | Orc:4    | Identified the +10 plate armour "Ryeshriaj" {rC- rN++} (You bought it in a shop on level 4 of the Orcish Mines)
 45611 | D:13     | Found a gate to the Vaults.
 45622 | D:13     | Reached skill level 15 in Long Blades
 47025 | D:14     | Found a labyrinth entrance.
 47042 | Lab      | Entered a labyrinth
 47551 | Lab      | Got a pitted golden amulet
 47552 | Lab      | Got a brightly glowing chain mail
 47552 | Lab      | Got a warped plate armour
 47563 | Lab      | Identified the +1 chain mail "Qiqez" {rPois rC- Dex+4} (You found it in a labyrinth)
 47573 | Lab      | Identified the +3 plate armour "Cabbohod" {+Inv MP-9 SInv} (You found it in a labyrinth)
 47583 | Lab      | Identified a +3 rod of the swarm (11/11) (You found it in a labyrinth)
 47585 | Lab      | Identified the amulet of Seynwow {rElec rN++ MR- Regen+ SInv} (You found it in a labyrinth)
 48342 | D:14     | Reached skill level 16 in Long Blades
 48530 | D:15     | Entered Level 15 of the Dungeon
 48533 | D:15     | Found a staircase to the Depths.
 48588 | D:15     | Reached skill level 10 in Fighting
 49347 | D:15     | Reached XP level 16. HP: 109/122 MP: 23/23
 50142 | D:10     | Corrupted D:10
 50142 | D:10     | Noticed a bone dragon
 50142 | D:10     | Noticed a bone dragon
 50144 | D:10     | Identified a +5 double sword of distortion (a +3 double sword corrupted by Lugonu)
 50366 | Spider:1 | Entered Level 1 of the Spider Nest
 50404 | Spider:1 | Noticed Louise
 50948 | Spider:1 | Banished Louise
 51564 | Spider:2 | Noticed Arachne
 51598 | Spider:2 | Killed Arachne
 53267 | Spider:3 | Reached skill level 10 in Armour
 53654 | Spider:4 | Entered Level 4 of the Spider Nest
 54450 | Spider:4 | Corrupted Spider:4
 54450 | Spider:4 | Noticed a tentacled starspawn
 55538 | Spider:4 | Reached XP level 17. HP: 101/136 MP: 24/24
 56346 | Spider:4 | Got a gossamer rune of Zot
 56672 | Vaults:1 | Entered Level 1 of the Vaults
 58304 | Vaults:1 | Corrupted Vaults:1
 58304 | Vaults:1 | Noticed a bone dragon
 59412 | Vaults:1 | Noticed Nikola
 60074 | Vaults:1 | Found a portal to a secret trove of treasure.
 60930 | Vaults:2 | Found a staircase to the Crypt.
 61095 | Vaults:2 | Noticed Boris
 61100 | Vaults:2 | Hired Ruusoem the merfolk for 322 gold.
 61582 | Vaults:2 | Your ally Ruusoem died
 61738 | Vaults:2 | Reached skill level 15 in Fighting
 62134 | Vaults:2 | Reached XP level 18. HP: 107/149 MP: 25/25
 66283 | Vaults:3 | Banished Boris
 67064 | Vaults:3 | Reached skill level 17 in Fighting
 67064 | Vaults:3 | Reached XP level 19. HP: 90/161 MP: 26/26
 68398 | Vaults:4 | Noticed Saint Roka
 68479 | Vaults:4 | Killed Saint Roka
 69794 | Vaults:4 | Reached skill level 15 in Armour
 70198 | Vaults:3 | Reached skill level 18 in Fighting
 72092 | Elf:1    | Entered Level 1 of the Elven Halls
 72317 | Elf:1    | Found an ancient bone altar of Kikubaaqudgha.
 72561 | Elf:1    | Noticed Frances
 72586 | Elf:1    | Killed Frances
 74333 | Elf:2    | Found a huge runed gate.
 74333 | Elf:2    | Found a huge runed gate.
 74333 | Elf:2    | Found a huge runed gate.
 74333 | Elf:2    | Found a huge runed gate.
 74337 | Elf:2    | Found a huge runed gate.
 74429 | Elf:2    | Reached XP level 20. HP: 172/172 MP: 27/27
 74750 | Elf:2    | Identified a scroll of acquirement
 74967 | Elf:3    | Entered Level 3 of the Elven Halls
 74967 | Elf:3    | Found Nidim's Antique Weapon Shoppe.
 75238 | Elf:3    | Corrupted Elf:3
 75282 | Elf:3    | Got a fine chain mail
 75283 | Elf:3    | Identified the +1 chain mail of Midnight {+Blink rCorr Str-4 Stlth+} (You found it on level 3 of the Elven Halls)
 75516 | Elf:3    | Got a slimy bone ring
 75518 | Elf:3    | Identified the ring "Iddywaap" {Ice rElec Stlth+} (You found it on level 3 of the Elven Halls)
 75611 | Elf:3    | Got a jewelled cloak
 75612 | Elf:3    | Identified the cursed +0 cloak of the Peculiar Nights {MR+ rCorr Dex-3} (You found it on level 3 of the Elven Halls)
 75649 | Elf:3    | Got a spiked helmet
 75650 | Elf:3    | Identified the +1 helmet of Objectivity {*Confuse MR+ Str+4 SInv} (You found it on level 3 of the Elven Halls)
 75824 | Elf:3    | Learned a level 2 spell: Repel Missiles
 76039 | Elf:2    | Reached skill level 1 in Charms
 76039 | Elf:2    | Reached skill level 1 in Air Magic
 76645 | Elf:3    | Got a faintly humming chain mail
 76646 | Elf:3    | Identified the +1 chain mail "Wires" {+Blink rPois} (You found it on level 3 of the Elven Halls)
 77085 | Shoals:1 | Entered Level 1 of the Shoals
 77771 | Shoals:1 | Noticed Roxanne
 78658 | Shoals:2 | Reached skill level 5 in Air Magic
 78919 | Shoals:3 | Reached skill level 5 in Charms
 79390 | Shoals:3 | Noticed Ilsuiw
 79696 | Shoals:3 | Killed Ilsuiw
 80152 | Shoals:4 | Entered Level 4 of the Shoals
 80559 | Shoals:4 | Noticed Polyphemus
 80582 | Shoals:4 | Banished Polyphemus
 80793 | Shoals:4 | Got a barnacled rune of Zot
 81008 | Shoals:4 | Noticed Mara
 81887 | Vaults:1 | You paid a toll of 16 scrolls of teleportation to enter a treasure trove
 81888 | Trove    | Entered a treasure trove
 81915 | Trove    | Got a crude demon blade
 81936 | Trove    | Identified the +10 demon blade "Woabiph" {elec, rN+} (You found it in a treasure trove)
 82169 | Depths:1 | Entered Level 1 of the Depths
 82343 | Depths:1 | Reached XP level 21. HP: 131/179 MP: 28/28
 82745 | Depths:1 | Found a gateway to Hell.
 83810 | Depths:1 | Reached skill level 10 in Dodging
 84324 | Depths:1 | Noticed Asterion
 84336 | Depths:1 | Killed Asterion
 85277 | Depths:2 | Reached skill level 19 in Fighting
 87042 | Depths:2 | Found a one-way gate leading to the halls of Pandemonium.
 87583 | Depths:2 | Reached XP level 22. HP: 163/188 MP: 29/29
 89559 | D:13     | Learned a level 3 spell: Spectral Weapon
 89720 | Depths:3 | Reached skill level 1 in Hexes
 90658 | Depths:3 | Got a steaming plate armour
 90659 | Depths:3 | Identified the cursed +0 plate armour "Iwosiev" {rC+ rN+++ MP+9 Int-5} (You found it on level 3 of the Depths)
 91257 | Depths:3 | Reached skill level 5 in Hexes
 92044 | Depths:3 | Found a one-way gate to the infinite horrors of the Abyss.
 92468 | Depths:3 | Voluntarily entered the Abyss.
 92531 | Abyss:2  | Found a corrupted altar of Lugonu.
 92735 | Abyss:2  | Found a corrupted altar of Lugonu.
 92766 | Abyss:2  | Found a corrupted altar of Lugonu.
 93691 | Abyss:4  | Found a corrupted altar of Lugonu.
 93789 | Abyss:4  | Reached XP level 23. HP: 183/194 MP: 30/30
 94119 | Abyss:4  | Got an abyssal rune of Zot
 94195 | Depths:3 | Escaped the Abyss
 94532 | Depths:4 | Reached skill level 20 in Fighting
 96480 | Depths:4 | Found a gateway to a ziggurat.
 96861 | Depths:5 | Entered Level 5 of the Depths
 96861 | Depths:5 | Noticed the Enchantress
 97849 | Depths:5 | Corrupted Depths:5
 97856 | Depths:5 | Killed the Enchantress
 98072 | Depths:5 | Got a faerie dragon armour
 98073 | Depths:5 | Identified the +3 faerie dragon armour {rN+ Int+4} (You found it on level 5 of the Depths)
 98850 | Depths:5 | Found a gate to the Realm of Zot.
 99479 | Vaults:1 | Reached XP level 24. HP: 204/204 MP: 30/30
 99511 | Crypt:1  | Entered Level 1 of the Crypt
 99914 | Crypt:1  | Noticed Jory
 99933 | Crypt:1  | Killed Jory
100736 | Crypt:2  | Noticed Sojobo
100736 | Crypt:2  | Reached skill level 21 in Fighting
100751 | Crypt:2  | Killed Sojobo
101440 | Crypt:3  | Entered Level 3 of the Crypt
102487 | Crypt:3  | Found a basalt altar of Yredelemnul.
102487 | Crypt:3  | Noticed an ancient lich
102510 | Crypt:3  | Killed an ancient lich
103541 | Crypt:3  | Noticed an ancient lich
103556 | Crypt:3  | Killed an ancient lich
103697 | Crypt:3  | Found a staircase to the Tomb.
103757 | Crypt:3  | Noticed Jorgrun
103773 | Crypt:3  | Killed Jorgrun
103780 | Crypt:3  | Reached skill level 15 in Dodging
103945 | Crypt:3  | Reached XP level 25. HP: 174/214 MP: 25/30
104132 | Tomb:1   | Entered Level 1 of the Tomb of the Ancients
105350 | Tomb:1   | Reached skill level 22 in Fighting
106547 | Tomb:2   | Corrupted Tomb:2
108360 | Tomb:3   | Entered Level 3 of the Tomb of the Ancients
108367 | Tomb:3   | Noticed Mennas
108368 | Tomb:3   | Corrupted Tomb:3
108846 | Tomb:3   | Noticed Khufu
109851 | Tomb:2   | Killed Khufu
110187 | Tomb:2   | Gained mutation: You are strongly in touch with the powers of death. [Mummy growth]
110187 | Tomb:2   | Reached XP level 26. HP: 181/225 MP: 28/30
110966 | Tomb:3   | Reached skill level 23 in Fighting
111503 | Tomb:3   | Identified Licuices's Incunabulum of Feathery Aid (You found it on level 3 of the Tomb of the Ancients)
111506 | Tomb:3   | Identified Onni's Reference Book on Arcane Weapons and Air
111518 | Tomb:3   | Got a scintillating ivory amulet
111519 | Tomb:3   | Identified the amulet "Regoat" {Ward rN+ Str+3 Dex+2 Slay-2 Stlth+} (You found it on level 3 of the Tomb of the Ancients)
111594 | Tomb:3   | Got a sparkling silver ring
111595 | Tomb:3   | Identified the ring of Balance {Fire Str+5 Stlth-} (You found it on level 3 of the Tomb of the Ancients)
111864 | Tomb:3   | Got a golden rune of Zot
114346 | Vaults:5 | Entered Level 5 of the Vaults
115949 | Vaults:5 | Reached XP level 27. HP: 235/235 MP: 26/30
116583 | Vaults:5 | Got a smoking granite ring
116584 | Vaults:5 | Identified the ring of Doubts {*Corrode rC+ MP+9 EV+3 Str+3} (You took it off a yaktaur captain on level 5 of the Vaults)
116613 | Vaults:5 | Reached skill level 24 in Fighting
117216 | Vaults:5 | Got a silver rune of Zot
117353 | Vaults:5 | Identified the Compendium of Creative Boosts
117361 | Vaults:5 | Learned a level 6 spell: Haste
117367 | Vaults:5 | Learned a level 5 spell: Shadow Creatures
117451 | Vaults:5 | Upgraded the game from 0.17-a0-1572-g7a1422d to 0.17-a0-1575-g9a29ec8
118378 | Slime:1  | Entered Level 1 of the Pits of Slime
118844 | Slime:2  | Noticed Dissolution
118979 | Slime:2  | Killed Dissolution
118979 | Slime:2  | Reached skill level 10 in Charms
122181 | Slime:6  | Entered Level 6 of the Pits of Slime
122206 | Slime:6  | Reached skill level 1 in Spellcasting
122394 | Slime:6  | Found a viscous altar of Jiyva.
122394 | Slime:6  | Noticed the royal jelly
122435 | Slime:6  | Corrupted Slime:6
122531 | Slime:6  | your royal jelly (ally) was killed
123589 | Slime:6  | Got a slimy rune of Zot
123591 | Slime:6  | Got a glittering lead ring
123595 | Slime:6  | Got a wavering turquoise ring
123844 | Lair:6   | Identified the ring of Satyriasis {EV+4 Slay+2} (You found it on level 6 of the Pits of Slime)
123848 | Lair:6   | Identified the ring of Untruth {rElec rN+ Dex+5} (You found it on level 6 of the Pits of Slime)
124298 | Zot:1    | Entered Level 1 of the Realm of Zot
124298 | Zot:1    | Noticed an orb of fire
124299 | Zot:1    | Corrupted Zot:1
124923 | Zot:1    | Noticed an orb of fire
125222 | Zot:1    | Banished an orb of fire
125527 | Zot:1    | Banished an orb of fire
126110 | Zot:1    | Reached skill level 15 in Charms
126409 | Zot:1    | Got a bound pewter amulet
126410 | Zot:1    | Identified the amulet "Kudot" {+Rage Int+4} (You took it off a deep elf high priest on level 1 of the Realm of Zot)
128104 | Zot:2    | Cast into the Abyss (the power of Zot)
128105 | Zot:2    | Escaped the Abyss
128601 | Zot:2    | Paralysed by the power of Zot for 4 turns
128624 | Zot:2    | Reached skill level 1 in Summonings
129557 | Zot:3    | Reached skill level 5 in Summonings
131222 | Zot:3    | Reached skill level 10 in Summonings
133021 | Zot:5    | Entered Level 5 of the Realm of Zot
133652 | Zot:5    | Noticed an orb of fire
134019 | Zot:5    | Banished an orb of fire
134473 | Zot:5    | Noticed an orb of fire
134488 | Zot:5    | Banished an orb of fire
134641 | Zot:5    | Noticed an ancient lich
134642 | Zot:5    | Banished an ancient lich
134703 | Zot:5    | Noticed an ancient lich
134728 | Zot:5    | Killed an ancient lich
134759 | Zot:5    | Noticed an ancient lich
134767 | Zot:5    | Banished an ancient lich
134767 | Zot:5    | Reached skill level 25 in Fighting
135246 | Zot:5    | Noticed an ancient lich
135519 | Zot:5    | Banished an ancient lich
136040 | Zot:5    | Noticed an orb of fire
136066 | Zot:5    | Banished an orb of fire
136177 | Zot:5    | Noticed an orb of fire
136351 | Zot:5    | Banished an orb of fire
136471 | Zot:5    | Noticed an orb of fire
136487 | Zot:5    | Banished an orb of fire
136586 | Zot:5    | Noticed an ancient lich
136672 | Zot:5    | Noticed an orb of fire
136864 | Zot:5    | Noticed an orb of fire
136876 | Zot:5    | Banished an orb of fire
137147 | Zot:5    | Noticed an orb of fire
137394 | Zot:5    | Killed an orb of fire
138033 | Zot:5    | Killed an ancient lich
138190 | Zot:5    | Noticed an ancient lich
138199 | Zot:5    | Killed an ancient lich
138952 | Zot:5    | Killed an orb of fire
139442 | Zot:5    | Reached skill level 26 in Fighting
139998 | Zot:5    | Got the Orb of Zot
140020 | Zot:5    | Noticed Waclo the pandemonium lord
140030 | Zot:5    | Killed Waclo the pandemonium lord
140368 | Depths:4 | Noticed Hicirhe the pandemonium lord
140380 | Depths:4 | Killed Hicirhe the pandemonium lord
140752 | D:1      | Noticed Sunohiev the pandemonium lord
140782 | D:$      | Escaped with the Orb!

Vault maps used:
D:1:      minmay_arrival_wavy_path, minmay_misc_feat_pillars,
          minmay_shallow_snake_nest
D:2:      tso_metal_star
D:3:      lemuel_coloured_pillars_altar, ecumenical_altar_1, first_bread,
          interstate_on_off, led_xom_imps, uniq_sigmund
D:4:      overflow_temple_1_default, minmay_temple_entry_hall, uniq_natasha
D:5:      grunt_temple_overflow_order_and_chaos_2, basic_altar, uniq_grinder
D:6:      nicolae_underground_beach, uniq_crazy_yiuf_cottage
D:7:      basic_altar
D:8:      gammafunk_temple_overflow_elements
D:9:      david_lair_generic, hangedman_tree_tricks
D:10:     orc_0_dummy, basic_altar
D:13:     erik_vaults_2
D:14:     hangedman_decor_slide_cut, lab_entry_generic
D:15:     gammafunk_depths_entry_grave, spider_trap
Lair:1:   guppyfry_lair_drakes, uniq_grum
Lair:2:   dragon1_lemuel, portal_ice_cave_entry_imps, serial_bayou_shore_b
Lair:3:   nicolae_spider_entry_non_spiders, serial_bayou_shore_b,
          lemuel_fruit_fields
Lair:4:   gammafunk_lair_bear_cave, lemuel_fruit_fields
Lair:5:   minmay_shoals_entry_hut, st_stairs_10, minivault_24
Lair:6:   slime_altar_1
Lair:7:   cheibrodos_magma_flow, minmay_lindwurm_lava
Lair:8:   hangedman_lair_caniforms_friends, uniq_maud
Shoals:1: uniq_roxanne
Shoals:2: nicolae_shoals_aquamancer_cove
Shoals:3: hangedman_shoal_octodias, uniq_ilsuiw
Shoals:4: shoals_end_simple, shoal_ilsuiw, uniq_polyphemus, uniq_mara
Spider:1: uniq_louise
Spider:2: uniq_arachne
Spider:3: spiders_nest_wasp_nest
Spider:4: spider_rune_water
Slime:2:  dissolution_awaits
Slime:3:  cheibrodos_slime_lost_civilization_1
Slime:5:  nicolae_slime_round_cave
Orc:1:    okawaru_metal_pillars_1_2
Orc:2:    serial_shops, nicolae_shop_crystal, minmay_orc_temple_b, uniq_harold
Orc:3:    basic_altar, nicolae_orc_pool_cavern, uniq_maurice, uniq_sonja,
          uniq_donald
Orc:4:    st_orc_elflike, serial_shops, shop, nicolae_volcano_entry_two_sided,
          minmay_orc_temple_c
Elf:1:    basic_altar, kennysheep_underground_church, uniq_frances
Elf:3:    grunt_elf_hall_asides, serial_shops, shop
Vaults:1: vaults_room_door_hall, hangedman_vaults_maws, st_lattice,
          v_alt_pattern_6, v_misc_29, ontoclasm_vaults_ring_large,
          vaults_mumra_chevron_long, hangedman_vaults_snaps,
          nicolae_vaults_alarming, vaults_dpeg_ring,
          nicolae_trove_entry_diagonal, uniq_nikola
Vaults:2: vaults_dpeg_encased_lava, nicolae_vaults_halls_meeting, v_rooms_5,
          minmay_crypt_entry_simple_box, hangedman_vaults_locks,
          ontoclasm_vaults_pinch, grunt_vaults_twisty,
          grunt_vaults_hallway_short, uniq_boris
Vaults:3: vaults_dpeg_diagonal, ontoclasm_vaults_gateway,
          ontoclasm_vaults_tryst, ontoclasm_vaults_chip, v_misc_24,
          nicolae_vaults_border_crossing, v_misc_24, vaults_mumra_lcd,
          v_misc_28, v_pattern_2, nicolae_vaults_little_squares_6
Vaults:4: v_misc_13, nicolae_vaults_branching_niches, nicolae_vaults_theta,
          hangedman_vaults_variations, ontoclasm_vaults_loading_screen,
          ontoclasm_vaults_loading_screen, v_misc_13,
          ontoclasm_vaults_misaligned, vaults_room_corners,
          vaults_room_semicircle, hangedman_vaults_slice,
          ontoclasm_vaults_shuriken, uniq_saint_roka
Crypt:1:  uniq_jory
Crypt:2:  uniq_sojobo
Crypt:3:  cryptofortress_bobbens, uniq_jorgrun
Tomb:3:   uniq_mennas
Depths:1: pf_dread_powers_of_hell, bh_walls_and_bars, kennysheep_four_rooms,
          uniq_asterion
Depths:2: minmay_broken_ring, hell_entry, serial_bayou_pond_d,
          rand_demon_pan_entry_1, infiniplex_staircase_zigzag_4,
          grunt_megastairs_4
Depths:3: kennysheep_scales, grunt_hell_entry_dis_mu, rand_demon_pan_entry_9,
          abyss_entry_crystal, infiniplex_staircase_split_hallway
Depths:4: minmay_box_of_statues, enter_ziggurat_f, marbit_kobold_abyss_entry,
          infiniplex_staircase_pool_1, hell_entry
Depths:5: evilmike_zot_entry_hall, minmay_misc_feat_more_columns, abyss_entry,
          hangedman_tar_grid_catacomb, uniq_enchantress
Zot:1:    hangedman_zot_vaults_quadrants, grunt_ministairs_15, zot_minivault_1
Zot:3:    grunt_zot_stairs_faceoff, grunt_ministairs_2,
          hangedman_spider_trapstep
Zot:5:    grunt_ministairs_13, st_stairs_7
Abyss:1:  minivault_26, minivault_1, evilmike_abyss_exit_12
Abyss:2:  abyss_greek_temple, hangedman_classic_abyss_death
Abyss:3:  hangedman_abyss_or_decor_passed, due_abyss_rune
Abyss:4:  lemuel_flamethrower_2, grunt_abyss_rune_twisted_forest,
          hangedman_steaming_rock
Lab:      labyrinth_skeletal_remains, nicolae_lab_lava, lab_statue,
          nicolae_lab_diamond, nicolae_lab_statue, nicolae_lab_plus
Trove:    trove_simple
IceCv:    ice_cave_tombish
Volcano:  volcano_lake

Action                   |  1- 3 |  4- 6 |  7- 9 | 10-12 | 13-15 | 16-18 | 19-21 | 22-24 | 25-27 || total
-------------------------+-------+-------+-------+-------+-------+-------+-------+-------+-------++-------
Melee: Falchion          |   100 |   205 |   729 |    90 |       |       |       |       |       ||  1124
       Long sword        |       |       |       |  1144 |  1716 |       |       |       |       ||  2860
       Double sword      |       |       |       |       |   982 |  1752 |  1413 |       |   205 ||  4352
       Scimitar          |       |       |       |       |     5 |       |       |       |       ||     5
       Demon blade       |       |       |       |       |       |       |   758 |  2457 |  4557 ||  7772
 Fire: Blowgun           |       |       |       |    74 |   187 |    83 |     1 |       |       ||   345
Throw: Javelin           |    12 |    43 |    39 |     7 |     3 |     3 |       |       |       ||   107
       Throwing net      |       |       |       |       |       |     1 |       |     2 |     3 ||     6
 Cast: Repel Missiles    |       |       |       |       |       |       |     9 |    13 |    16 ||    38
       Spectral Weapon   |       |       |       |       |       |       |       |    66 |   230 ||   296
       Haste             |       |       |       |       |       |       |       |       |    48 ||    48
Invok: Banish            |       |       |     7 |    20 |    25 |    10 |     4 |     3 |       ||    69
       Bend Space        |       |       |       |     6 |     6 |     7 |     7 |     2 |    12 ||    40
       Depart the Abyss  |       |       |       |       |     1 |       |       |       |     1 ||     2
       Enter the Abyss   |       |       |       |       |     1 |       |       |       |       ||     1
       Corrupt           |       |       |       |       |       |     3 |     1 |     1 |     4 ||     9
 Abil: Evoke Flight      |       |       |       |       |     1 |       |       |       |       ||     1
       Evoke Invisibilit |       |       |       |       |       |       |     3 |       |       ||     3
       Turn Visible      |       |       |       |       |       |       |     1 |       |       ||     1
       Self-Restoration  |       |       |       |       |       |       |       |       |     2 ||     2
Evoke: Wand              |       |       |     6 |     3 |    35 |    20 |    19 |     6 |    27 ||   116
       Rod               |       |       |       |    84 |   156 |    83 |    76 |    19 |    12 ||   430
       Lamp of fire      |       |       |       |       |       |     4 |     5 |     4 |     1 ||    14
       Deck              |       |       |       |       |       |     4 |       |     1 |       ||     5
       Box of beasts     |       |       |       |       |       |       |     1 |       |       ||     1
       Phantom mirror    |       |       |       |       |       |       |       |       |     1 ||     1
  Use: Scroll            |       |     6 |     5 |    14 |    10 |    17 |    13 |     9 |    36 ||   110
 Stab: Invisible         |       |       |     2 |       |       |       |     9 |       |       ||    11
       Distracted        |       |       |       |     2 |     3 |     5 |     2 |     7 |    32 ||    51
       Confused          |       |       |       |       |     1 |     1 |       |       |       ||     2
       Fleeing           |       |       |       |       |     1 |       |       |       |       ||     1
       Paralysed         |       |       |       |       |       |     5 |     5 |       |     2 ||    12
       Held in net/web   |       |       |       |       |       |       |       |     1 |     3 ||     4
